 Dungeon Sprint DCSS version 0.30-a0-51-g784eafce7f (webtiles) character file.

Game seed: 16999705902972927950

121 Ankalagon the Skirmisher (level 4, 0/36 HPs)
             Began as a Demigod Hunter on Sept 5, 2022.
             Slain by a neqoxec (3 damage)
             ... in the Dungeon (Sprint II: "The Violet Keep of Menkaure").
             The game lasted 00:00:22 (19 turns).

Ankalagon the Skirmisher (Demigod Hunter)             Turns: 19, Time: 00:00:22

Health: 0/36       AC:  3    Str: 12      XL:     4   Next: 48%
Magic:  6/6        EV: 12    Int:  8 (11) God:
Gold:   0          SH:  0    Dex: 21      Spells: 3/3 levels left

rFire   . . .      SeeInvis .    a - +0 shortbow
rCold   . . .      Faith    .    (shield currently unavailable)
rNeg    . . .      Spirit   .    c - +0 leather armour
rPois   .          Reflect  .    (no helmet)
rElec   .          Harm     .    (no cloak)
rCorr   .          Rampage  .    (no gloves)
Will    .....      Clarity  +    (no boots)
Stlth   ++........ NoTele   +    (no amulet)
HPRegen 0.12/turn                (no ring)
MPRegen 0.10/turn                (no ring)

@: hasted, very quick
A: high MP 1, forlorn, divine attributes, clarity
a: no special abilities


You were in the Dungeon.
You visited 1 branch

Inventory:

Hand Weapons
 a - a +0 shortbow (weapon)
Armour
 c - a +0 leather armour (worn)
Scrolls
 b - a scroll of immolation
 i - a scroll of blinking
Potions
 d - a potion of curing
 g - 2 potions of magic
 h - a potion of berserk rage


   Skills:
 - Level 1.7 Fighting
 + Level 9.5 Ranged Weapons
 - Level 1.7 Dodging
 - Level 0.8 Stealth


You had 3 spell levels left.
You didn't know any spells.
Your spell library was empty.

Dungeon Overview and Level Annotations

Branches:
Dungeon (1/1)


Innate Abilities, Weirdness & Mutations

You have an increased reservoir of magic. (+10% MP)
You shall have no god before yourself.
Your divine heritage dramatically boosts your attributes as you level up.
You possess an exceptional clarity of mind.


Message History

You shoot an arrow. The arrow closely misses the neqoxec.
The neqoxec misses you.
Fire: a) +0 shortbow
Press: ? - help, Q - select action Shift-Dir - straight line, f/p - neqoxec
Aim: a neqoxec (60% to hit)
You shoot an arrow. The arrow closely misses the neqoxec.
Fire: a) +0 shortbow
Press: ? - help, Q - select action Shift-Dir - straight line, f/p - neqoxec
Aim: a neqoxec (60% to hit)
You shoot an arrow. The arrow barely misses the neqoxec.
The neqoxec hits you!
* * * LOW HITPOINT WARNING * * *
Fire: a) +0 shortbow
Press: ? - help, Q - select action Shift-Dir - straight line, f/p - neqoxec
Aim: a neqoxec (60% to hit)
You shoot an arrow. The arrow hits the neqoxec!
The neqoxec is moderately wounded.
The neqoxec gestures at you.
You feel dopey. Something feeds on your intellect!
Fire: a) +0 shortbow
Press: ? - help, Q - select action Shift-Dir - straight line, f/p - neqoxec
Aim: a neqoxec (moderately wounded, 60% to hit)
You shoot an arrow.
The arrow hits the neqoxec but does no damage.
The neqoxec is moderately wounded.
Fire: a) +0 shortbow
Press: ? - help, Q - select action Shift-Dir - straight line, f/p - neqoxec
Aim: a neqoxec (moderately wounded, 60% to hit)
You shoot an arrow.
The arrow hits the neqoxec but does no damage.
The neqoxec is moderately wounded.
The neqoxec misses you.
Fire: a) +0 shortbow
Press: ? - help, Q - select action Shift-Dir - straight line, f/p - neqoxec
Aim: a neqoxec (lightly wounded, 60% to hit)
You shoot an arrow. The arrow hits the neqoxec.
The neqoxec is moderately wounded.
The neqoxec hits you.
You die...

#+#
##.##
+.<.+
##@##
#3#
##3
#. ##


You could see 2 neqoxecs.

Vanquished Creatures
  A neqoxec (D)
1 creature vanquished.

Notes
Turn   | Place    | Note
-------+----------+-------------------------------------------
     0 | D        | Ankalagon the Demigod Hunter began the quest for the Orb.
     0 | D        | Reached XP level 1. HP: 17/17 MP: 3/3
     1 | D        | Noticed a neqoxec
     1 | D        | Noticed a neqoxec
     9 | D        | Gained mutation: You possess an exceptional clarity of
                  | mind. [a neqoxec]
     9 | D        | Noticed a neqoxec
    12 | D        | Killed a neqoxec
    13 | D        | Reached skill level 9 in Ranged Weapons
    13 | D        | Reached XP level 2. HP: 9/24 MP: 4/4
    13 | D        | Reached XP level 3. HP: 11/29 MP: 5/5
    13 | D        | Reached XP level 4. HP: 13/36 MP: 6/6
    19 | D        | Slain by a neqoxec

Illustrated notes

Levels and vault maps discovered:
D:        the_violet_keep_of_menkaure [sprint2_stairs_cluster_1,
          sprint2_shoproom, sprint2_temple, sprint2_basic_supplies,
          sprint2_obstacle_3, sprint2_obstacle_4, sprint2_obstacle_5,
          sprint2_obstacle_1, sprint2_obstacle_7, sprint2_timed_cluster_1,
          sprint2_smallroom_cluster_1, sprint2_smallroom_final_cluster_1,
          sprint2_transparent_cluster_1, sprint2_second_timed_cluster_1,
          sprint2_sniper_area_1, sprint2_heavy_combat_area_1,
          sprint2_mutation_trap_area_1, sprint2_forest_area_1,
          sprint2_light_combat_area_1, sprint2_behind_water_1,
          sprint2_near_end_vault_1]

Skill      XL: |  1 |
---------------+----+-----
Ranged Weapons | 9 |  9.5
Fighting       | |  1.7
Dodging        | |  1.7
Stealth        | |  0.8

Action                   |  1- 3 |  4- 6 || total
-------------------------+-------+-------++-------
 Fire: Shortbow          |     9 |     7 ||    16
  Use: Potion            |     2 |       ||     2
Dodge: Dodged            |     1 |     2 ||     3

Table legend: (Time is in decaauts)
 A = Elapsed time spent in this place.
 B = Non-inter-level travel time spent in this place.
 C = Inter-level travel time spent in this place.
 D = Time resting spent in this place.
 E = Time spent auto-exploring this place.
 F = Levels seen in this place.
 G = Mean time per level.
                   A        B        C        D        E       F      G
               +--------+--------+--------+--------+--------+-----+--------+
         Total |     15 |     15 |      0 |      0 |      0 |   1 |   15.0 |
       Dungeon |     15 |     15 |      0 |      0 |      0 |   1 |   15.0 |
               +--------+--------+--------+--------+--------+-----+--------+

Top non-repeatable levels by time:
       D: 15 daAuts
